 Dungeon Crawl Stone Soup version 0.27.1-1-g398f81649c (webtiles) character file.

Game seed: 7329440925350220237

933 ABBCCCDDDD the Insei (level 8, -5/54 HPs)
             Began as an Octopode Monk on Sept 13, 2021.
             Was an Initiate of Gozag.
             Shot with an arrow by a centaur (8 damage)
             ... on level 7 of the Dungeon on Sept 14, 2021.
             The game lasted 00:21:48 (9156 turns).

ABBCCCDDDD the Insei (Octopode Monk)                Turns: 9156, Time: 00:21:49

Health: -5/54      AC:  1    Str: 11      XL:     8   Next: 11%
Magic:  8/11       EV: 14    Int: 12 (14) God:    Gozag
Gold:   277        SH:  0    Dex: 14      Spells: 3/11 levels left

rFire    + . .     SeeInvis .     - Unarmed
rCold    . . .     Faith    .   (no shield)
rNeg     . . .     Spirit   .   (helmet restricted)
rPois    .         Reflect  .   (no amulet)
rElec    .         Harm     .   j - ring of wizardry
rCorr    +         Rampage  .   f - ring of resist corrosion
Will     .....                  k - ring of protection from fire
Stlth    ++++......             g - ring of wizardry
HPRegen  0.18/turn              (no ring)
MPRegen  0.12/turn              (no ring)
                                (no ring)
                                (no ring)

@: no status effects
A: almost no armour, amphibious, 8 rings, camouflage 1, gelatinous body 1,
(nimble swimmer 1), tentacles
a: Renounce Religion, Potion Petition, Call Merchant, Bribe Branch


You were on level 7 of the Dungeon.
You worshipped Gozag.
Gozag was aware of your devotion.
You visited 2 branches of the dungeon, and saw 8 of its levels.

You collected 277 gold pieces.

Inventory:

Missiles
 o - 4 boomerangs (quivered)
Jewellery
 f - a ring of resist corrosion (right tentacle)
 g - a ring of wizardry (on tentacle)
 j - a ring of wizardry (left tentacle)
 k - a ring of protection from fire (on tentacle)
Wands
 e - a wand of acid (3)
 i - a wand of digging (5)
 n - a wand of polymorph (5)
Scrolls
 a - a scroll of magic mapping
 b - 3 scrolls of silence
 d - a scroll of brand weapon
 h - 4 scrolls of immolation
 m - a scroll of fog {unknown}
 p - 3 scrolls of enchant weapon
Potions
 l - a potion of degeneration
 q - 2 potions of brilliance


   Skills:
 - Level 4.4 Fighting
 - Level 3.8 Dodging
 - Level 4.0 Stealth
 - Level 4.6 Unarmed Combat
 - Level 2.0 Spellcasting
 + Level 3.5 Conjurations
 + Level 1.5 Air Magic
 + Level 2.7 Earth Magic
 + Level 4.0 Poison Magic


You had 3 spell levels left.
You knew the following spells:

 Your Spells              Type           Power      Damage    Failure   Level
a - Mephitic Cloud        Conj/Pois/Air  8%         N/A       7%          3
b - Bolt of Magma         Conj/Fire/Erth 3%         4d5       58%         5

Your spell library contained the following spells:

 Spells                   Type           Power      Damage    Failure   Level
 Ignite Poison            Fire/Tmut/Pois 4%         N/A       13%         3
 Summon Guardian Golem    Hex/Summ       1%         N/A       21%         3
 Orb of Destruction       Conj           4%         9d2       100%        7
 Spellforged Servitor     Conj/Summ      2%         N/A       100%        7


Dungeon Overview and Level Annotations

Branches:
Dungeon (7/15)             Temple (1/1) D:7

Altars:
Ashenzari
Cheibriados
Dithmenos
Fedhas
Gozag
Hepliaklqana
Kikubaaqudgha
Makhleb
Nemelex Xobeh
Qazlal
Ru
Sif Muna
Trog
Vehumet
Wu Jian

Annotations:
D:4 exclusion: downstairs
D:5 Grinder
D:6 exclusion: centaur
D:7 Dowan


Innate Abilities, Weirdness & Mutations

You cannot wear most types of armour.
You are amphibious.
You can wear up to eight rings at the same time.
Your skin changes colour to match your surroundings (Stealth+).
Your rubbery body absorbs attacks. (AC +1, EV +1)
((You are camouflaged near water. (Stealth+)))
You have tentacles for arms and can constrict up to eight enemies at once.


Message History

* * * LOW HITPOINT WARNING * * *
The centaur closely misses you.
You tentacle-slap the centaur.
The centaur is moderately wounded.
The centaur hits you.
* * * LOW HITPOINT WARNING * * *
The centaur kicks you.
* * * LOW HITPOINT WARNING * * *
Okay, then.
Blink to where?
Press: ? - help, Dir - move target, f - you
Okay, then.
Blink to where?
Press: ? - help, Dir - move target You can't see that place. [the floor.]
Okay, then.
Unknown command.
Okay, then.
Casting: Mephitic Cloud (dangerous; 7% risk of failure)
Confirm with . or Enter, or press ? or * to list all spells.
Aiming: Mephitic Cloud (dangerous; 7% risk of failure)
Press: ? - help, Shift-Dir - straight line The ball explodes into a vile cloud!
The stinking cloud engulfs the centaur but does no damage.
The centaur is moderately wounded.
You hear a shout!
The centaur barely misses you. The centaur kicks you.
* * * LOW HITPOINT WARNING * * *
The centaur hits you.
* * * LOW HITPOINT WARNING * * *
The centaur barely misses you.
Blink to where?
Press: ? - help, Dir - move target
Found a stone staircase leading down.
As you read the scroll of blinking, it crumbles to dust.
The centaur wields a +0 shortbow.
The centaur shoots an arrow.
The arrow hits you!
You die...
Your body crumbles into a pile of gold.

#.. ### . #..# ..#
..##... ..# .......
.. #....>. .# ..
##.....##.##....
........@.......
................ .
......#......... ..
......#....#.... ...
####○☼......## ...
....###.#..........
..
.....#...c.#.......#
.
...................#
.#.#...###.........#


You could see a centaur.

Levels and vault maps discovered:
D:1:      lemuel_arrival_lava_pool, layout_basic
D:2:      layout_loops_cross, minmay_tetromino_i4
D:3:      layout_loops_cross, minmay_misc_feat_rows
D:4:      layout_cave_pools, nicolae_ru_path_of_blood, minmay_curled_crystal
D:5:      layout_cave_pools, kiku_gazebo_pond_becter, uniq_grinder, uniq_ijyb
D:6:      layout_cave_pools
D:7:      layout_cave_pools, grunt_temple_overflow_open,
          minmay_temple_entry_statues_fountains, kennysheep_generic_room_16,
          uniq_duvessa, uniq_prince_ribbit1, uniq_crazy_yiuf_cottage
Temple:   nicolae_temple_hex_pool

Notes
Turn   | Place    | Note
-------+----------+-------------------------------------------
     0 | D:1      | ABBCCCDDDD the Octopode Monk began the quest for the Orb.
     0 | D:1      | Reached XP level 1. HP: 16/16 MP: 1/1
   366 | D:1      | Reached XP level 2. HP: 21/21 MP: 2/2
  1126 | D:2      | Reached XP level 3. HP: 26/26 MP: 3/3
  2379 | D:3      | Learned a level 3 spell: Mephitic Cloud
  2468 | D:3      | Reached XP level 4. HP: 31/31 MP: 4/4
  3228 | D:4      | Reached skill level 1 in Spellcasting
  3366 | D:4      | Noticed an ogre
  3388 | D:3      | Reached skill level 1 in Poison Magic
  3388 | D:3      | Reached XP level 5. HP: 23/36 MP: 6/6
  3792 | D:4      | Noticed an ogre
  4062 | D:4      | Noticed a sky beast
  4336 | D:4      | Killed an ogre
  4337 | D:4      | Reached skill level 1 in Conjurations
  4355 | D:4      | Reached XP level 6. HP: 36/43 MP: 8/8
  4540 | D:4      | Found a sacrificial altar of Ru.
  4915 | D:4      | Learned a level 5 spell: Bolt of Magma
  5025 | D:5      | Entered Level 5 of the Dungeon
  5040 | D:5      | Noticed Grinder
  5181 | D:5      | Noticed Ijyb
  5720 | D:4      | Reached XP level 7. HP: 41/48 MP: 10/10
  6122 | D:4      | Reached skill level 1 in Earth Magic
  7101 | D:5      | Noticed Ijyb
  7101 | D:5      | Ijyb changed into Ijyb the bat
  7117 | D:5      | Killed Ijyb the bat
  7493 | D:6      | HP: 1/49 [something (3)]
  7502 | D:7      | Noticed Dowan
  8054 | D:5      | Found an ancient bone altar of Kikubaaqudgha.
  8553 | D:7      | Found a staircase to the Ecumenical Temple.
  8562 | Temple   | Entered the Ecumenical Temple
  8599 | Temple   | Became a worshipper of Gozag Ym Sagoz the Greedy
  8707 | D:7      | Reached skill level 1 in Air Magic
  8707 | D:7      | Reached XP level 8. HP: 16/54 MP: 11/11
  9068 | D:7      | Found a sparkling altar of Nemelex Xobeh.
  9154 | D:7      | HP: 2/54 [centaur (1)]
  9156 | D:7      | Shot with an arrow by a centaur

Table legend: (Time is in decaauts)
 A = Elapsed time spent in this place.
 B = Non-inter-level travel time spent in this place.
 C = Inter-level travel time spent in this place.
 D = Time resting spent in this place.
 E = Time spent auto-exploring this place.
 F = Levels seen in this place.
 G = Mean time per level.
                   A        B        C        D        E       F      G
               +--------+--------+--------+--------+--------+-----+--------+
         Total |   9166 |   8352 |    814 |   3983 |   2192 |   8 | 1145.8 |
       Dungeon |   9066 |   8259 |    807 |   3983 |   2117 |   7 | 1295.1 |
        Temple |    100 |     93 |      7 |      0 |     75 |   1 |  100.0 |
               +--------+--------+--------+--------+--------+-----+--------+

Top non-repeatable levels by time:
     D:4: 2599 daAuts
     D:3: 1859 daAuts
     D:2: 1315 daAuts
     D:1: 1111 daAuts
     D:6: 971 daAuts
     D:7: 796 daAuts
     D:5: 411 daAuts
  Temple: 100 daAuts

Table legend:
 A = Kills in this place as a percentage of kills in entire the game.
 B = Kills by you in this place as a percentage of kills by you in the entire game.
 C = Kills by friends in this place as a percentage of kills by friends in the entire game.
 D = Other kills in this place as a percentage of other kills in the entire game.
 E = Experience gained in this place as a percentage of experience gained in the entire game.
 F = Experience gained in this place divided by the number of levels of this place that you have seen.
                   A       B       C       D       E      F
               +-------+-------+-------+-------+-------+----------------------
         Total | 100.0 | 100.0 |   N/A |   N/A | 100.0 | 166.6
       Dungeon | 100.0 | 100.0 |   N/A |   N/A | 100.0 | 190.4
               +-------+-------+-------+-------+-------+----------------------

Action                   |  1- 3 |  4- 6 |  7- 9 || total
-------------------------+-------+-------+-------++-------
Melee: Unarmed           |    70 |   102 |   139 ||   311
       Constrict         |    17 |    28 |    29 ||    74
       Tentacles         |    17 |    21 |    28 ||    66
       Punch             |     2 |     3 |     3 ||     8
Throw: Javelin           |       |     8 |       ||     8
       Boomerang         |       |       |     3 ||     3
 Cast: Mephitic Cloud    |       |       |     1 ||     1
Evoke: Wand              |       |       |     2 ||     2
  Use: Scroll            |       |     6 |     8 ||    14
       Potion            |       |     1 |     7 ||     8
 Stab: Sleeping          |    12 |     6 |     1 ||    19
Armor: Skin              |     4 |     8 |    18 ||    30
Dodge: Dodged            |    30 |    58 |    98 ||   186

Vanquished Creatures
  An ogre (D:4)
  A centaur (D:7)
  3 scorpions
  A water moccasin skeleton (D:5)
  A howler monkey (D:4)
  A gnoll shaman (D:4)
  4 hounds
  4 orc wizards (D:6)
  A killer bee zombie (D:6)
  A hound skeleton (D:4)
  8 gnolls
  A howler monkey skeleton (D:4)
  5 adders
  A shadow imp (D:6)
  A white imp (D:4)
  A worm (D:3)
  5 dart slugs
  14 orcs
  9 endoplasms
  4 giant cockroaches
  4 hobgoblins
  5 quokkas
  8 ball pythons
  5 bats
  3 frilled lizards
  3 goblins (D:2)
  10 kobolds
  5 rats
110 creatures vanquished.
